 Dungeon Sprint DCSS version 0.29.1-2-gbd0b4ee654 (webtiles) character file.

Game seed: 12651116090930492733

53 firemarshallily the Covert (level 3, 0/27 HPs)
             Began as an Octopode Brigand on Nov 2, 2022.
             Slain by a gnoll sergeant
             ... wielding a +0 spear
              (11 damage)
             ... in the Dungeon (Sprint IX: "|||||||||||||||||||||||||||||").
             The game lasted 00:00:24 (126 turns).

firemarshallily the Covert (Octopode Brigand)        Turns: 126, Time: 00:00:25

Health: 0/27       AC:  1    Str: 10    XL:     3   Next: 87%
Magic:  3/3        EV: 12    Int: 13    God:
Gold:   0          SH:  0    Dex: 15    Spells: 2/2 levels left

rFire   . . .      SeeInvis .   a - +2 dagger
rCold   . . .      Faith    .   (no shield)
rNeg    . . .      Spirit   .   (helmet restricted)
rPois   .          Reflect  .   (no amulet)
rElec   .          Harm     .   (no ring)
rCorr   .          Rampage  .   (no ring)
Will    .....      NoTele   +   (no ring)
Stlth   +++++.....              (no ring)
HPRegen 0.09/turn               (no ring)
MPRegen 0.08/turn               (no ring)
                                (no ring)
                                (no ring)

@: no status effects
A: almost no armour, amphibious, 8 rings, camouflage 1, gelatinous body 1,
(nimble swimmer 1), tentacles
a: no special abilities


You were in the Dungeon.
You visited 1 branch

Inventory:

Hand Weapons
 a - a +2 dagger (weapon)
Missiles
 b - 9 poisoned darts (quivered)
 c - 3 curare-tipped darts
Scrolls
 i - a scroll of blinking
Potions
 d - a potion of curing
 e - a potion of heal wounds
 f - a potion of haste
 g - 2 potions of magic
 h - a potion of berserk rage


   Skills:
 + Level 3.7 Fighting
 * Level 4.9 Short Blades
 - Level 2.0 Throwing
 - Level 1.0 Dodging
 * Level 8.4 Stealth


You had 2 spell levels left.
You didn't know any spells.
Your spell library was empty.

Dungeon Overview and Level Annotations

Branches:
Dungeon (1/1)

Altars:


Innate Abilities, Weirdness & Mutations

You cannot wear most types of armour.
You are amphibious.
You can wear up to eight rings at the same time.
Your skin changes colour to match your surroundings (Stealth+).
Your rubbery body absorbs attacks. (AC +1, EV +1)
((You are camouflaged when in or above water. (Stealth+)))
You have tentacles for arms and can constrict up to eight enemies at once.


Message History

You open the door.
A quokka, a gnoll sergeant, 2 adders and a hound come into view.
There is an open door here.
The helpless hound fails to defend itself.
You impale the hound!!
You kill the hound!
Your Fighting skill increases to level 3!
Your Short Blades skill gained 2 levels and is now at level 4!
Your Stealth skill increases to level 7!
You have reached level 2!
You have reached level 3!
Your experience leads to an increase in your attributes!
Increase (S)trength, (I)ntelligence, or (D)exterity?
You feel agile. x2
The gnoll sergeant shouts!
The adder hisses angrily.
The adder misses you. The adder completely misses you.
You barely miss the adder. Your grab misses the adder.
Your squeeze misses the adder. The adder closely misses you.
You barely miss the adder. Your grab misses the adder.
Your squeeze misses the adder. The adder bites you.
You are poisoned.
The adder poisons you!
You closely miss the adder. You grab the adder. You squeeze the adder!
The adder is almost dead.
You constrict the adder.
You kill the adder!
You feel sick.
Your Stealth skill increases to level 8!
You hit the adder. You grab the adder.
The adder is moderately wounded.
You constrict the adder.
You feel sick. The adder bites you but does no damage.
The adder closely misses you.
You hit the adder.
You kill the adder!
You feel sick.
The gnoll sergeant hits you from afar with a +0 spear!
You feel sick.
You are no longer poisoned.
The gnoll sergeant hits you with a +0 spear!
You die... ▓▓▓▓▓▓▓▓▓▓▓▓▓▓▓▓▓▓ +.rg@.'...))'...<▓ ▓▓▓▓▓▓▓▓▓▓▓▓▓▓▓▓▓▓

You could see a gnoll sergeant and a quokka.

Vanquished Creatures
  A hound (D)
  2 adders (D)
  A giant cockroach (D)
  A hobgoblin (D)
  A ball python (D)
  A goblin (D)
  A kobold (D)
8 creatures vanquished.

Notes
Turn   | Place    | Note
-------+----------+-------------------------------------------
     0 | D        | firemarshallily the Octopode Brigand began the quest for
                  | the Orb.
     0 | D        | Reached XP level 1. HP: 14/14 MP: 1/1
    14 | D        | Reached skill level 6 in Stealth
   117 | D        | Noticed a gnoll sergeant
   117 | D        | Noticed a hound
   119 | D        | Killed a hound
   120 | D        | Reached skill level 7 in Stealth
   120 | D        | Reached XP level 2. HP: 21/21 MP: 2/2
   120 | D        | Reached XP level 3. HP: 26/26 MP: 3/3
   124 | D        | Reached skill level 8 in Stealth
   126 | D        | Slain by a gnoll sergeant

Illustrated notes

Levels and vault maps discovered:
D:        linesprint [early_d, line_temple, items_1, d_10, items_2, lair_1,
          lair_end, items_3, orc_1, orc_end, items_4, d_15, swamp_1, shoals_1,
          snake_1, spider_1, d_20, vaults_1, items_5, swamp_end, shoals_end,
          snake_end, spider_end, vaults_end, d_27, items_6, zot_1, zot_end,
          crypt_end, forest_end, elf_end, slime_end, tomb_end, abyss_end,
          pan_hell_end]

Skill      XL: |  1  2  3 |
---------------+----------+-----
Stealth        | 7 8 |  8.4
Fighting       | 3 |  3.7
Short Blades   | 4 |  4.9
Throwing       | |  2.0
Dodging        | |  1.0

Action                   || total
-------------------------++-------
Melee: Dagger            ||    15
       Constrict         ||     5
       Tentacles         ||     4
 Stab: Sleeping          ||     1
Armor: Skin              ||     1
Dodge: Dodged            ||     7
